 Dungeon Crawl Stone Soup version 0.22-a0-525-gf69a080 (webtiles) character file.

1981 iamserjio the Martial Artist (level 9, -6/46 HPs)
             Began as a Vine Stalker Skald on June 21, 2018.
             Mangled by a killer bee (8 damage)
             ... on level 7 of the Dungeon.
             The game lasted 00:19:38 (1783 turns).

iamserjio the Martial Artist (Vine Stalker Skald)   Turns: 1783, Time: 00:19:38

Health: -6/46      AC: 10    Str: 14    XL:     9   Next: 20%
Magic:  0/14       EV:  9    Int: 16    God:
Gold:   178        SH:  5    Dex: 14    Spells: 7/13 levels left

rFire    + . .     SeeInvis .     - Unarmed
rCold    . . .     Gourm    .   f - +0 buckler
rNeg     . . .     Faith    .   l - +3 scale mail {rF+}
rPois    +         Spirit   +   j - +0 helmet
rElec    .         Reflect  .   (no cloak)
rCorr    .         Harm     .   (no gloves)
MR       +....                  (no boots)
Stlth    ..........             (no amulet)
HPRegen  0.55/turn              g - ring of poison resistance
MPRegen  0.14/turn              (no ring)

@: infused, singing
A: fangs 3, regeneration 1, magic shield, antimagic bite, no potion heal 3, rot
immunity
a: no special abilities


You were on level 7 of the Dungeon.
You were hungry.

You visited 1 branch of the dungeon, and saw 7 of its levels.

You collected 178 gold pieces.

Inventory:

Missiles
 b - 18 poisoned needles
Armour
 a - a +0 leather armour
 d - a +0 ring mail
 f - a +0 buckler (worn)
 i - a +0 chain mail
 j - a +0 helmet (worn)
 k - a +0 ring mail
 l - a +3 scale mail of fire resistance (worn)
Jewellery
 g - a ring of poison resistance (left hand)
 s - an uncursed ring of wizardry {unknown}
Wands
 m - a wand of scattershot (1)
 n - a wand of paralysis (6)
 o - a wand of iceblast (6)
Scrolls
 p - a scroll of fear
 q - 2 scrolls of remove curse {unknown}
 u - a scroll of teleportation
 w - a scroll of blinking {unknown}
Potions
 e - 3 potions of curing {@q1}
 h - a potion of invisibility
 r - a potion of agility
 v - a potion of lignification {unknown}
Comestibles
 c - 8 rations
 t - a chunk of flesh


   Skills:
 + Level 4.7 Fighting
 - Level 0.7 Armour
 - Level 1.5 Dodging
 + Level 3.9 Shields
 * Level 8.6 Unarmed Combat
 + Level 2.9 Spellcasting
 + Level 4.8 Charms
 - Level 2.0 Necromancy


You had 7 spell levels left.
You knew the following spells:

 Your Spells              Type           Power        Failure   Level  Hunger
a - Infusion              Chrm           ###.         12%         1    #......
b - Song of Slaying       Chrm           ###.....     17%         2    ##.....
c - Regeneration          Chrm/Necr      ##........   52%         3    ###....

Your spell library contained the following spells:

 Spells                   Type           Power        Failure   Level  Hunger
 Confuse                  Hex            #.......     95%         3    ###....
 Confusing Touch          Hex            #.....       65%         1    #......
 Metabolic Englaciation   Hex/Ice        #.........   100%        5    ######.
 Petrify                  Tmut/Erth      #.......     100%        4    #####..
 Shroud of Golubria       Chrm/Tloc      ##........   43%         2    ##.....
 Spectral Weapon          Hex/Chrm       ##......     67%         3    ###....
 Gell's Gravitas          Tloc           #.........   95%         3    ###....
 Yara's Violent Unravell  Hex/Tmut       #.........   100%        5    ######.


Dungeon Overview and Level Annotations

Branches:
Dungeon (7/15)
 Temple: D:4-7

Altars:
Ashenzari
Fedhas
Kikubaaqudgha
Nemelex Xobeh

Annotations:
D:3 2 transporters, Amnesiac's ghost, amateur SpMo
D:6 1 transporter


Innate Abilities, Weirdness & Mutations

You have razor-sharp teeth.
Your natural rate of healing is unusually fast.
When hurt, damage is shared between your health and your magic reserves.
Your bite disrupts and absorbs the magic of your enemies.
Potions cannot restore your health.
You are immune to rotting.


Message History

The burst of metal fragments hits the ogre.
You kill the ogre!
The burst of metal fragments hits the killer bee.
The killer bee is severely wounded.
The killer bee barely misses you.
The killer bee stings you but does no damage.
Evoke which item? (* to show all) (? for menu, Esc to quit)
Aiming: Scattershot
Press: ? - help, Shift-Dir - straight line, f/p - killer bee
Aim: a killer bee (severely wounded)
Okay, then.
You miss the killer bee. Your bite misses the killer bee.
The killer bee is severely wounded.
You feel sick.
You are no longer poisoned.
You block the killer bee's attack.
You closely miss the killer bee.
The killer bee is severely wounded.
The killer bee stings you!
You die...

+.._..+
#.♣.♣.#
#.....# ###†#
#...# #..##
#)## #y#
#.######@###
#..........#
########.#.#
# #.#.# ..
#..<# ##.
####..#
#.<.###^...^#
...(....##.##
#%..##..##.#


You could see a killer bee.

Vanquished Creatures
  Pikel (D:5)
  A hungry ghost (D:2)
  A water moccasin (D:7)
  An ice beast (D:5)
  A phantom (D:5)
  3 ogres
  A centaur (D:6)
  A bullfrog (D:6)
  A scorpion (D:5)
  2 killer bees (D:7)
  A crimson imp (D:3)
  An orc priest (D:4)
  2 hounds
  Ijyb (D:3)
  2 iguanas
  3 orc wizards
  6 worker ants
  A hound skeleton (D:6)
  6 adders
  A shadow imp (D:7)
  An ooze (D:1)
  3 worms
  2 dart slugs (D:1)
  2 leopard geckos (D:2)
  11 orcs
  2 ball pythons
  3 bats (D:2)
  6 giant cockroaches
  10 goblins
  4 hobgoblins
  2 jackals (D:5)
  3 frilled lizards
  7 kobolds
  6 rats
99 creatures vanquished.

Vanquished Creatures (others)
  3 fungi (D:5)
  A plant (D:5)
4 creatures vanquished.

Grand Total: 103 creatures vanquished

Notes
Turn   | Place    | Note
-------+----------+-------------------------------------------
     0 | D:1      | iamserjio the Vine Stalker Skald began the quest for the Orb.
     0 | D:1      | Reached XP level 1. HP: 11/11 MP: 4/4
    72 | D:1      | Reached XP level 2. HP: 4/15 MP: 1/6
   168 | D:1      | Learned a level 2 spell: Song of Slaying
   174 | D:2      | Found a sparkling altar of Nemelex Xobeh.
   226 | D:2      | Reached XP level 3. HP: 7/18 MP: 1/7
   230 | D:2      | Reached skill level 3 in Unarmed Combat
   262 | D:2      | Noticed a hungry ghost
   310 | D:2      | Gained mutation: Your natural rate of healing is unusually fast. [Vine Stalker growth]
   310 | D:2      | Reached XP level 4. HP: 2/23 MP: 6/8
   456 | D:2      | Killed a hungry ghost
   456 | D:2      | Reached skill level 4 in Unarmed Combat
   456 | D:2      | Reached XP level 5. HP: 25/26 MP: 9/9
   503 | D:1      | Reached skill level 5 in Unarmed Combat
   592 | D:3      | Reached XP level 6. HP: 26/30 MP: 7/10
   597 | D:3      | Learned a level 3 spell: Regeneration
   604 | D:3      | Found a transporter.
   607 | D:3      | Noticed Amnesiac's ghost (amateur SpMo)
   608 | D:3      | Found a transporter.
   613 | D:3      | Noticed Ijyb
   650 | D:3      | Killed Ijyb
   669 | D:3      | Paralysed by a crimson imp for 2 turns
   674 | D:3      | Paralysed by a crimson imp for 4 turns
   692 | D:3      | Paralysed by a crimson imp for 3 turns
   704 | D:3      | Paralysed by a crimson imp for 6 turns
   719 | D:3      | Paralysed by a crimson imp for 4 turns
   899 | D:4      | Reached skill level 1 in Necromancy
   937 | D:4      | Reached XP level 7. HP: 18/35 MP: 5/11
   986 | D:4      | Reached skill level 6 in Unarmed Combat
  1037 | D:5      | Entered Level 5 of the Dungeon
  1069 | D:5      | Reached skill level 1 in Shields
  1162 | D:5      | Noticed Pikel
  1179 | D:5      | Killed Pikel
  1179 | D:5      | Reached skill level 7 in Unarmed Combat
  1179 | D:5      | Gained mutation: You have razor-sharp teeth. [Vine Stalker growth]
  1179 | D:5      | Reached XP level 8. HP: 29/41 MP: 9/12
  1230 | D:6      | Found a transporter.
  1325 | D:5      | Found a shattered altar of Ashenzari.
  1368 | D:5      | Found a blossoming altar of Fedhas.
  1436 | D:5      | Reached skill level 8 in Unarmed Combat
  1723 | D:6      | Reached XP level 9. HP: 32/46 MP: 10/13
  1745 | D:7      | Found an ancient bone altar of Kikubaaqudgha.
  1780 | D:7      | HP: 1/46 [killer bee (4)]
  1783 | D:7      | Mangled by a killer bee

Vault maps used:
D:1:      kennysheep_arrival_seaside
D:2:      nicolae_overflow_hidden_temple, chequers_ecumenical_altar_twisty,
          minmay_ruptured
D:3:      okawaru_trees_1, gammafunk_ghost_arena, uniq_ijyb
D:4:      first_ration, roderic_cross_of_infinity, minmay_door_square,
          uniq_robin
D:5:      minmay_diamond_boxcup, evilmike_ruin_ashenzari, fedhas_altar_3,
          uniq_pikel
D:6:      gammafunk_cloud_chamber, grunt_temple_overflow_champion_of_chaos,
          minmay_temple_entry_glassed_door
D:7:      kennysheep_mini_moat, kennysheep_little_box,
          nicolae_qazlal_general_emergency, nicolae_ossuary_entry_monument

Skill      XL: |  1  2  3  4  5  6  7  8 |
---------------+-------------------------+-----
Fighting       | 2 3 4 |  4.7
Unarmed Combat | 3 4 5 7 8 |  8.6
Charms         | 4 |  4.8
Necromancy     | 1 2 |  2.0
Shields        | 2 3 |  3.9
Armour         | |  0.7
Dodging        | |  1.5
Spellcasting   | |  2.9

Action                   |  1- 3 |  4- 6 |  7- 9 || total
-------------------------+-------+-------+-------++-------
Melee: Unarmed           |   111 |   207 |   164 ||   482
       Bite              |    18 |    64 |    46 ||   128
       Punch             |     2 |       |       ||     2
 Cast: Song of Slaying   |     1 |     2 |     1 ||     4
       Infusion          |       |     4 |     1 ||     5
Evoke: Wand              |       |       |     6 ||     6
  Use: Potion            |     2 |       |       ||     2
       Scroll            |     4 |       |     2 ||     6
 Stab: Sleeping          |       |     3 |       ||     3
       Paralysed         |       |       |     9 ||     9
  Eat: Chunk             |       |     4 |     3 ||     7
       Ration            |       |     1 |       ||     1
Armor: Leather armour    |    25 |    34 |       ||    59
       Scale mail        |       |    14 |    48 ||    62
Dodge: Dodged            |    60 |    94 |    81 ||   235
Block: Buckler           |    10 |    16 |    27 ||    53

Table legend:
 A = Spawn XP
 B = Non-spawn XP
 C = Spawn XP percentage of total XP
 D = Spawn monster count
 E = Non-spawn monster count
 F = Spawn count percentage of total count
 G = Total turns spent on level
                    A         B        C        D         E        F      G
               +---------+---------+-------+---------+---------+-------+---------
         Total |       0 |    2830 |   0.0 |       0 |      99 |   0.0 |  1783
               +---------+---------+-------+---------+---------+-------+---------
           D:1 |       0 |      42 |   0.0 |       0 |      20 |   0.0 |   221
           D:2 |       0 |     279 |   0.0 |       0 |      25 |   0.0 |   378
           D:3 |       0 |     190 |   0.0 |       0 |      16 |   0.0 |   242
           D:4 |       0 |     243 |   0.0 |       0 |      12 |   0.0 |   225
           D:5 |       0 |    1308 |   0.0 |       0 |      13 |   0.0 |   372
           D:6 |       0 |     275 |   0.0 |       0 |       5 |   0.0 |   278
           D:7 |       0 |     493 |   0.0 |       0 |       8 |   0.0 |    67
               +---------+---------+-------+---------+---------+-------+---------
